 Dungeon Crawl Stone Soup version 0.31.0-32-g396128a36d (webtiles) character file.

Game seed: 6194342864969639643

22775 tizbic2 the Protected (level 13, -8/84 HPs)
             Began as a Gargoyle Monk on Mar 19, 2024.
             Was a High Priest of Fedhas.
             Killed by an exploding ballistomycete spore (24 damage)
             ... on level 13 of the Dungeon.
             The game lasted 01:00:54 (10795 turns).

tizbic2 the Protected (Gargoyle Monk)              Turns: 10795, Time: 01:00:55

Health: -8/84      AC: 35    Str: 21    XL:     13   Next: 2%
Magic:  18/20      EV: 12    Int:  6    God:    Fedhas [*****.]
Gold:   522        SH:  5    Dex: 18    Spells: 12/12 levels left

rFire   . . .        a - +10 great mace "Mygup" {spect, *Slow rC++ Will+++ Int-4}
rCold   + + .        (shield currently unavailable)
rNeg    + + .        f - +7 ring mail "Voamocum" {Dex+6}
rPois   ∞            k - +1 hat {Stlth+}
rElec   +            q - +0 cloak
rCorr   +            o - +0 pair of gloves
SInv    +            I - +2 pair of boots
Will    +++++        M - amulet of reflection
Stlth   +++          s - +4 ring of protection
HPRegen 0.34/turn    G - ring of Lomushraq {rN+ Will++ rCorr SInv Stlth+}
MPRegen 0.17/turn

%: slow self (1%), reflection
@: no status effects
A: sickness immunity, AC +9, negative energy resistance 1, electricity
resistance, torment resistance 1, petrification resistance
a: Renounce Religion, Wall of Briars, Grow Ballistomycete, Overgrow, Grow Oklob


You were on level 13 of the Dungeon.
You worshipped Fedhas.
Fedhas was extremely pleased with you.
You visited 2 branches of the dungeon, and saw 14 of its levels.

You collected 1257 gold pieces.
You spent 735 gold pieces at shops.

Inventory:

Hand Weapons
 a - the +10 great mace "Mygup" (weapon) {spect, *Slow rC++ Will+++ Int-4}
   (You acquired it on level 7 of the Dungeon)

   Int-4:     It affects your intelligence (-4).
   rC++:      It greatly protects you from cold.
   Will+++:   It greatly increases your willpower.
   *Slow:     It may slow you when you take damage.
 g - a +1 short sword of venom
 w - a +2 orcbow
Missiles
 h - 52 poisoned darts (quivered)
 x - 12 boomerangs
Armour
 c - an orb of light
 f - the +7 ring mail "Voamocum" (worn) {Dex+6}
   (You took it off a goblin on level 3 of the Dungeon)

   Dex+6:     It affects your dexterity (+6).
 k - a +1 hat of stealth (worn)
 o - a +0 pair of gloves (worn)
 q - a +0 cloak (worn)
 I - a +2 pair of boots (worn)
 J - a +0 helmet
Jewellery
 s - a +4 ring of protection (left hand)
 z - an amulet of faith
 C - a ring of protection from cold
 G - the ring of Lomushraq (right hand) {rN+ Will++ rCorr SInv Stlth+}
   (You found it on level 7 of the Dungeon)

   [ring of see invisible]

   rN+:       It protects you from negative energy.
   Will++:    It greatly increases your willpower.
   SInv:      It lets you see invisible.
   rCorr:     It protects you from acid and corrosion.
   Stlth+:    It makes you more stealthy.
 K - an amulet of the acrobat
 M - an amulet of reflection (around neck)
 O - a +6 ring of dexterity
 P - a ring of willpower
Talismans
 p - a serpent talisman
 B - a maw talisman
Wands
 l - a wand of flame (32)
 u - a wand of roots (11)
 E - a wand of charming (10)
Scrolls
 j - 2 scrolls of teleportation
 v - a scroll of amnesia
 y - a scroll of revelation
 F - 2 scrolls of identify
 L - 2 scrolls of noise
Potions
 b - a potion of ambrosia
 d - 7 potions of curing
 e - 2 potions of might
 m - a potion of resistance
 n - 6 potions of brilliance
 r - a potion of haste
 A - a potion of berserk rage
 D - a potion of invisibility
 N - 2 potions of attraction
 Q - a potion of mutation


   Skills:
 + Level 10.8 Fighting
 * Level 10.9 Maces & Flails
 + Level 12.0 Armour
 - Level 2.4 Dodging
 - Level 8.5 Unarmed Combat
 + Level 9.5 Invocations


You had 12 spell levels left.
You didn't know any spells.
Your spell library contained the following spells:

 Spells                   Type           Power      Damage    Failure   Level
 Slow                     Hex            0%         N/A       58%         1
 Sting                    Conj/Alch      0%         1d3       58%         1
 Ensorcelled Hibernation  Hex/Ice        0%         N/A       73%         2
 Mercury Vapours          Alch/Air       0%         N/A       73%         2
 Confusing Touch          Hex            0%         N/A       91%         3
 Fugue of the Fallen      Necr           0%         N/A       91%         3
 Hailstorm                Conj/Ice       0%         3d5       91%         3
 Ozocubu's Armour         Ice            0%         N/A       91%         3
 Sigil of Binding         Hex            0%         N/A       91%         3
 Summon Ice Beast         Ice/Summ       0%         N/A       91%         3
 Vampiric Draining        Necr           0%         2d6       91%         3
 Anguish                  Hex/Necr       0%         N/A       100%        4
 Manifold Assault         Tloc           0%         N/A       100%        4
 Olgreb's Toxic Radiance  Alch           0%         N/A       100%        4
 Petrify                  Alch/Erth      0%         N/A       100%        4
 Irradiate                Conj/Alch      0%         3d11      100%        5
 Sculpt Simulacrum        Ice/Alch       0%         N/A       100%        6
 Sublimation of Blood     Necr           Unusable   N/A       N/A         2

Dungeon Overview and Level Annotations

Branches:
Dungeon (13/15)            Temple (1/1) D:5            Lair (0/5) D:11
    Orc (0/2) D:12
 Vaults: D:13-14

Altars:
Ashenzari
Cheibriados
Dithmenos
Elyvilon
Fedhas
Gozag
Hepliaklqana
Kikubaaqudgha
Makhleb
Nemelex Xobeh
Okawaru
Qazlal
Ru
Sif Muna
Trog
Uskayaw
Vehumet
Wu Jian
Xom
Yredelemnul
Zin
The Shining One

Shops:
D:4 (   D:7 ?*![   D:8 =:(   D:12 =!?   D:13 ?[

Annotations:
D:4 1 runed translucent door, Crazy Yiuf


Innate Abilities, Weirdness & Mutations

You are immune to sickness and miasma.
Your stone body is resilient. (AC +9)
You are immune to poison.
You resist negative energy. (rN+)
You are resistant to electric shocks. (rElec)
You are resistant to unholy torment.
You are immune to petrification.


Message History

You have reached level 13!
Things that are here:
a +0 shortbow; a centaur corpse You see here a +0 orcbow.
You now have 522 gold pieces (gained 13).
You see here a +0 shortbow.
The manticore flicks its tail.
The volley of spikes misses you.
A two-headed ogre comes into view.
It is wielding a +0 giant spiked club and a +0 giant club.
Found a stone staircase leading down.
The manticore bites you.
The manticore claws you but does no damage.
The manticore barely misses you.
A ballistomycete spore comes into view.
You bludgeon the manticore!!
The manticore is heavily wounded.
Your +10 great mace "Mygup" {spect, *Slow rC++ Will+++ Int-4} hits the manticore but does no damage.
You block the manticore's attack.
The manticore claws you but does no damage. x2
The two-headed ogre hits your +10 great mace "Mygup" {spect, *Slow rC++ Will+++ Int-4} with a +0 giant spiked club!!
Your spectral weapon shares its damage with you!
* * * LOW HITPOINT WARNING * * *
The two-headed ogre misses your +10 great mace "Mygup" {spect, *Slow rC++ Will+++ Int-4}.
A ballistomycete spore comes into view.
You barely miss the manticore.
The manticore is heavily wounded.
Your +10 great mace "Mygup" {spect, *Slow rC++ Will+++ Int-4} hits the manticore!
The manticore barely misses you.
The manticore claws you but does no damage. x2
The two-headed ogre misses your +10 great mace "Mygup" {spect, *Slow rC++ Will+++ Int-4}.
The two-headed ogre hits your +10 great mace "Mygup" {spect, *Slow rC++ Will+++ Int-4} with a +0 giant club!
Your spectral weapon shares its damage with you!
Your +10 great mace "Mygup" {spect, *Slow rC++ Will+++ Int-4} disappears.
* * * LOW HITPOINT WARNING * * *
A ballistomycete spore comes into view.
The manticore flicks its tail.
The volley of spikes skewers your ballistomycete spore!
Your ballistomycete spore explodes!
The explosion of spores engulfs you!!
You die...
Fedhas appreciates your contribution to the ecosystem.

...#....#...# .. .......
...#....#####... >......
#..#............ .......
#..#............ .......
#..+............ .......
...#............ .....
...###'##########HO#
............P......#
.....#####.*).*.@..# ###..#
#..)......# ..#..# #.........#
..#..# #.........# ..'..#
#..######.# +...... ..#..#####..#
.# #...... ###.........# .#
####+#...... ............#
+...............
..#####+#...#+####...............


You could see a two-headed ogre, a manticore (ally target), a friendly
ballistomycete (summoned) and 2 friendly ballistomycete spores.

Vanquished Creatures
  A catoblepas (D:12)
  2 centaur warriors (D:13)
  2 two-headed ogres
  2 boulder beetles (D:11)
  Lodul (D:11)
  An orc knight (D:12)
  4 ugly things
  2 cyclopes
  An elephant (D:11)
  A gargoyle (D:12)
  An unseen horror (D:12)
  7 kobold demonologists
  10 trolls
  A hornet (D:7)
  2 centaur simulacra (D:13)
  3 slime creatures (D:13)
  2 shadows
  2 wraiths
  A wyvern (D:10)
  2 water elementals (D:12)
  A vampire (D:10)
  9 yaks
  A basilisk (D:11)
  2 vampire mosquitoes (D:12)
  A steam dragon (D:9)
  An acid dragon (D:6)
  Duvessa (D:4)
  5 orc warriors
  2 black bears
  2 sky beasts
  2 ice beasts
  14 centaurs
  10 ogres
  A wolf (D:13)
  A phantom (D:5)
  8 kobold brigands
  A gnoll sergeant (D:11)
  A bullfrog (D:6)
  13 wights
  3 scorpions
  Dowan (D:4)
  4 killer bees (D:10)
  2 electric eels
  2 bombardier beetles
  A howler monkey (D:8)
  4 hounds
  2 jellies (D:6)
  2 orc priests (D:7)
  A sleepcap (D:4)
  4 iguanas
  7 orc wizards
  9 gnolls
  6 adders
  2 shadow imps
  4 white imps
  5 ufetubi
  A dart slug (D:2)
  A ribbon worm (D:4)
  39 orcs
  5 bats
  5 endoplasms
  8 giant cockroaches
  10 goblins
  3 hobgoblins
  9 jackals
  32 kobolds
  2 quokkas
  6 ball pythons
  4 frilled lizards (D:1)
  9 rats
317 creatures vanquished.

Vanquished Creatures (collateral kills)
  2 yaks (D:10)
  An acid dragon (D:7)
  An orc priest (D:6)
  2 orc wizards (D:7)
  5 orcs (D:6)
  2 kobolds (D:12)
  12 ballistomycete spores
25 creatures vanquished.

Vanquished Creatures (others)
  A sleepcap (D:7)
  A ballistomycete spore (D:13)
  A spectral weapon (D:13)
3 creatures vanquished.

Grand Total: 345 creatures vanquished

Notes
Turn   | Place    | Note
-------+----------+-------------------------------------------
     0 | D:1      | tizbic2 the Gargoyle Monk began the quest for the Orb.
     0 | D:1      | Reached XP level 1. HP: 14/14 MP: 1/1
    87 | D:1      | Reached XP level 2. HP: 11/19 MP: 2/2
    93 | D:1      | Reached skill level 1 in Armour
   193 | D:1      | Found a faded altar of an unknown god.
   275 | D:1      | Reached XP level 3. HP: 22/23 MP: 3/3
  1044 | D:2      | Reached skill level 2 in Armour
  1123 | D:2      | Reached XP level 4. HP: 29/29 MP: 4/4
  1560 | D:3      | Noticed a scorpion
  1578 | D:3      | Killed a scorpion
  1579 | D:3      | Reached XP level 5. HP: 9/33 MP: 5/5
  1771 | D:3      | Reached skill level 3 in Armour
  1795 | D:3      | Found a glowing golden altar of the Shining One.
  1844 | D:3      | Identified the +7 ring mail "Voamocum" {Dex+6}
  1852 | D:3      | Found a shimmering altar of Xom.
  2162 | D:3      | Found a glowing silver altar of Zin.
  2565 | D:4      | Found Vostruot's Antique Weapon Shoppe.
  2742 | D:4      | Reached XP level 6. HP: 39/39 MP: 6/6
  2785 | D:4      | Reached skill level 4 in Armour
  2796 | D:4      | Noticed a black bear
  2805 | D:4      | Reached skill level 5 in Unarmed Combat
  2811 | D:4      | Killed a black bear
  2880 | D:4      | Reached XP level 7. HP: 44/44 MP: 7/7
  2901 | D:4      | Noticed Dowan
  2902 | D:4      | Noticed Duvessa
  2924 | D:4      | Killed Duvessa
  2935 | D:4      | Killed Dowan
  2936 | D:4      | Reached skill level 5 in Armour
  3088 | D:4      | Identified the +2 flail "Haitwue" {flame, *Noise Int+3}
  3097 | D:4      | Reached skill level 5 in Fighting
  3420 | D:4      | Found a runed translucent door.
  3421 | D:4      | Noticed Crazy Yiuf
  3463 | D:5      | Entered Level 5 of the Dungeon
  3492 | D:5      | Found a staircase to the Ecumenical Temple.
  3505 | Temple   | Entered the Ecumenical Temple
  3519 | Temple   | Became a worshipper of Fedhas Madash
  3519 | Temple   | Reached * piety under Fedhas
  3519 | Temple   | Reached ** piety under Fedhas
  3716 | D:5      | Reached skill level 1 in Invocations
  3716 | D:5      | Reached XP level 8. HP: 45/49 MP: 8/8
  3769 | D:5      | Found a white marble altar of Elyvilon.
  4347 | D:5      | Reached skill level 6 in Armour
  4797 | D:6      | Found an iron altar of Okawaru.
  5147 | D:6      | Found a bloodstained altar of Trog.
  5218 | D:6      | Reached skill level 7 in Armour
  5589 | D:7      | Found Utuor's General Store.
  5592 | D:7      | Found Ruoxtelut's Magic Scroll Shoppe.
  5604 | D:7      | Bought a scroll of enchant weapon for 105 gold pieces
  5604 | D:7      | Bought a scroll of identify for 28 gold pieces
  5648 | D:7      | Identified the ring of Lomushraq {rN+ Will++ rCorr SInv
                  | Stlth+}
  5661 | D:7      | Found a hazy altar of Hepliaklqana.
  5677 | D:7      | Noticed a hornet
  5680 | D:7      | Noticed a shadow
  5706 | D:6      | Killed a shadow
  5707 | D:6      | Reached XP level 9. HP: 43/55 MP: 11/11
  5870 | D:7      | Reached *** piety under Fedhas
  5892 | D:7      | Reached skill level 8 in Armour
  5954 | D:7      | Found Egomit's Distillery.
  5971 | D:7      | Noticed a two-headed ogre
  5993 | D:7      | Killed a two-headed ogre
  6019 | D:7      | Identified a scroll of acquirement
  6019 | D:7      | Acquired the +10 great mace "Mygup" {spect, *Slow rC++
                  | Will+++ Int-4}
  6101 | D:7      | Found Tuluunaycu's Antique Armour Emporium.
  6198 | D:7      | Reached skill level 1 in Maces & Flails
  6252 | D:7      | Killed a hornet
  6365 | D:8      | Reached XP level 10. HP: 63/63 MP: 13/13
  6577 | D:8      | Found Ynextiew's Book Shop.
  6579 | D:8      | Found a basalt altar of Yredelemnul.
  6599 | D:8      | Found Raz Eseu's Jewellery Boutique.
  6605 | D:8      | Found Olookutt's Antique Weapon Shop.
  6636 | D:8      | Found a radiant altar of Vehumet.
  6668 | D:8      | Reached skill level 9 in Armour
  6669 | D:8      | Reached skill level 5 in Invocations
  6746 | D:8      | Found a stormy altar of Qazlal.
  6865 | D:9      | Found a sparkling altar of Nemelex Xobeh.
  7177 | D:8      | Bought an amulet of reflection for 420 gold pieces
  7206 | D:9      | You fall into a shaft and drop 1 floor!
  7206 | D:10     | Entered Level 10 of the Dungeon
  7320 | D:9      | Reached **** piety under Fedhas
  7357 | D:9      | Reached skill level 5 in Maces & Flails
  7842 | D:10     | Found a burning altar of Makhleb.
  7927 | D:10     | Reached XP level 11. HP: 69/69 MP: 15/15
  8093 | D:11     | Noticed Lodul
  8099 | D:11     | Reached skill level 10 in Armour
  8100 | D:11     | Killed Lodul
  8506 | D:11     | Found a staircase to the Lair.
  8510 | D:11     | Noticed a cyclops
  8516 | D:11     | Noticed a boulder beetle
  8519 | D:11     | Killed a cyclops
  8543 | D:11     | Killed a boulder beetle
  8607 | D:11     | Noticed a boulder beetle
  8635 | D:11     | Killed a boulder beetle
  8729 | D:11     | Noticed a cyan ugly thing
  8746 | D:11     | Killed a cyan ugly thing
  8817 | D:11     | Reached ***** piety under Fedhas
  9235 | D:12     | Found Hezopp's Jewellery Shop.
  9239 | D:12     | Noticed an orc knight
  9240 | D:12     | Found a staircase to the Orcish Mines.
  9261 | D:12     | Killed an orc knight
  9262 | D:12     | Reached skill level 11 in Armour
  9262 | D:12     | Reached XP level 12. HP: 61/77 MP: 18/18
  9278 | D:12     | Noticed a catoblepas
  9293 | D:12     | Killed a catoblepas
  9310 | D:12     | Found Nym Robb's Distillery.
  9314 | D:12     | Bought a potion of curing for 39 gold pieces
  9314 | D:12     | Bought a potion of curing for 39 gold pieces
  9314 | D:12     | Bought a potion of mutation for 104 gold pieces
  9336 | D:12     | Found Peanimett's Magic Scroll Shoppe.
  9437 | D:12     | Reached skill level 10 in Fighting
  9492 | D:12     | Noticed a two-headed ogre
  9799 | D:12     | Killed a two-headed ogre
  9993 | D:12     | Reached skill level 10 in Maces & Flails
 10187 | D:13     | Noticed a centaur warrior
 10187 | D:13     | Found Nuptir's Antique Armour Shoppe.
 10302 | D:13     | Identified the staff of Gutikh {rF+ Stlth+ Fire Earth}
 10416 | D:13     | Killed a centaur warrior
 10722 | D:13     | Found Saymink's Magic Scroll Boutique.
 10766 | D:13     | Noticed a centaur warrior
 10783 | D:13     | Reached skill level 12 in Armour
 10785 | D:13     | Killed a centaur warrior
 10786 | D:13     | Reached XP level 13. HP: 38/84 MP: 16/20
 10795 | D:13     | Killed by an exploding ballistomycete spore

Illustrated notes

Levels and vault maps discovered:
D:1:      dpeg_arrival_shrine, layout_rooms,
          shapermc_ecumenical_altar_notcrosses
D:2:      layout_basic
D:3:      layout_loops_ring, lemuel_round_altar, mainiacjoe_overflow_boulevard,
          xom_teletrap_fun, minmay_misc_feat_rugged
D:4:      layout_loops_cross, nicolae_take_the_stairs, roderic_serpentine_path,
          small_statue_intersection, minmay_misc_feat_secret_circle,
          nicolae_letterblocks [nicolae_letter_subblock,
          nicolae_letter_subblock, nicolae_letter_subblock,
          nicolae_letter_subblock, nicolae_letter_subblock,
          nicolae_letter_subblock, nicolae_letter_subblock,
          nicolae_letter_subblock, nicolae_letter_subblock,
          nicolae_letter_subblock, nicolae_letter_subblock,
          nicolae_letter_subblock, nicolae_letter_subblock,
          nicolae_letter_subblock, nicolae_letter_subblock,
          nicolae_letter_subblock, nicolae_letter_subblock,
          nicolae_letter_subblock, nicolae_letter_subblock,
          nicolae_letter_subblock, nicolae_letter_subblock,
          nicolae_letter_subblock, nicolae_letter_subblock,
          nicolae_letter_subblock, nicolae_letter_subblock],
          uniq_crazy_yiuf_cottage, uniq_duvessa
D:5:      mumra_celtic_spiral_tile, layout_basic, mainiacjoe_overflow_alcove_4,
          minmay_temple_entry_mini_moons
D:6:      layout_cave_pods, mainiacjoe_overflow_catwalk,
          okawaru_ov_weapons_minmay
D:7:      layout_cave_pools, mainiacjoe_overflow_small_starburst, serial_shops,
          nicolae_stop_n_shop_2, shop, shop, nicolae_shop_tiny_real_fake_doors,
          minmay_circle_x
D:8:      layout_cave_pools, nicolae_overflow_hidden_temple,
          mainiacjoe_overflow_brackets, mainiacjoe_overflow_alcove_2,
          serial_shops, shop, nicolae_shop_gaudy_bauble, shop_fountains
D:9:      layout_rooms, nemelex_xobeh_ov_fountains_minmay
D:10:     layout_cave_pools, bloody_makhleb, kennysheep_generic_room_9
D:11:     layout_big_octagon, david_lair_generic, nicolae_hexahallways,
          uniq_lodul
D:12:     layout_gridville, orc_david_3, serial_shops, shop,
          nicolae_shop_just_a_little_nook, nicolae_shop_just_a_little_nook,
          serial_bayou_ford_a
D:13:     layout_irregular_city, serial_shops, shop, nicolae_stop_n_shop_1,
          serial_ice, serial_ice_f, serial_ice_e, serial_ice_l, serial_ice_a,
          serial_ice_g
Temple:   hellmonk_temple_rainy

Skill      XL: |  1  2  3  4  5  6  7  8  9 10 11 12 |
---------------+-------------------------------------+-----
Armour         | 1 2 3 4 5 7 8 9 11 12 | 12.0
Fighting       | 4 5 6 7 8 9 10 | 10.8
Unarmed Combat | 4 5 6 7 8 |  8.5
Invocations    | 1 3 4 6 8 9 |  9.5
Maces & Flails | 2 6 8 10 | 10.9
Dodging        | |  2.4

Action                     |  1- 3 |  4- 6 |  7- 9 | 10-12 | 13-15 || total
---------------------------+-------+-------+-------+-------+-------++-------
  Melee: Unarmed           |    65 |    56 |   241 |       |       ||   362
         Short sword       |    38 |    76 |    24 |       |       ||   138
         Flail             |       |       |     3 |       |       ||     3
         Great mace        |       |       |    21 |   314 |     2 ||   337
   Fire: Orcbow            |       |       |       |    40 |       ||    40
         Shortbow          |       |       |       |     3 |       ||     3
  Throw: Dart              |       |       |     1 |       |       ||     1
 Invoke: Wall of Briars    |       |       |     6 |     3 |       ||     9
         Grow Ballistomyce |       |       |       |     3 |       ||     3
    Use: Scroll            |       |    14 |     5 |     8 |       ||    27
         Potion            |       |       |       |     3 |       ||     3
   Stab: Sleeping          |       |       |     2 |     3 |       ||     5
         Distracted        |       |       |       |     1 |       ||     1
         Petrified         |       |       |       |     1 |       ||     1
 Armour: Robe              |    53 |       |       |       |       ||    53
         Leather armour    |     5 |    24 |       |       |       ||    29
         Ring mail         |       |    54 |   222 |   427 |     7 ||   710
  Dodge: Dodged            |    62 |    72 |   196 |   300 |     3 ||   633
  Block: Other             |       |       |       |    87 |     1 ||    88
         Reflection        |       |       |       |     6 |       ||     6
         Form:             |     1 |       |     1 |       |       ||     2
         Serpent           |     1 |       |       |       |       ||     1
         Maw               |       |       |     1 |       |       ||     1
